 Dungeon Crawl Stone Soup version 0.26-a0-652-gafc20e3620 (webtiles) character file.

Game seed: 17968526063229240125

23195 looop the Spear-Bearer (level 12, -4/97 HPs)
             Began as a Demonspawn Fighter on Oct 2, 2020.
             Was an Elder of Fedhas.
             Slain by an orc warrior
             ... wielding a +0 morningstar
              (30 damage)
             ... on level 2 of the Orcish Mines.
             The game lasted 00:23:51 (11703 turns).

looop the Spear-Bearer (Demonspawn Fighter)        Turns: 11703, Time: 00:23:51

Health: -4/97      AC: 20    Str: 21    XL:     12   Next: 69%
Magic:  18/18      EV: 13    Int:  9    God:    Fedhas [****..]
Gold:   1201       SH: 10    Dex: 14    Spells: 11/11 levels left

rFire    + . .     SeeInvis .   a - +1 trident (venom)
rCold    . . .     Faith    .   c - +0 kite shield
rNeg     . . .     Spirit   .   E - +3 chain mail {rF+}
rPois    .         Reflect  .   (helmet restricted)
rElec    .         Harm     .   u - +1 cloak {MR+}
rCorr    .         Rampage  .   s - +1 pair of gloves
MR       +....                  (no boots)
Stlth    ..........             g - amulet of regeneration
HPRegen  0.66/turn              v - +4 ring of slaying
MPRegen  0.16/turn              (no ring)

@: agile
A: antennae 2, yellow scales 2, powered by pain 2
a: Wall of Briars, Grow Ballistomycete, Overgrow, Renounce Religion


You were on level 2 of the Orcish Mines.
You worshipped Fedhas.
Fedhas was greatly pleased with you.
You visited 2 branches of the dungeon, and saw 15 of its levels.
You also visited: Volcano.

You collected 1476 gold pieces.
You spent 275 gold pieces at shops.

Inventory:

Hand Weapons
 a - a +1 trident of venom (weapon)
 b - a +2 trident of flaming
Missiles
 I - 8 silver javelins (quivered)
 J - 7 javelins
Armour
 c - a +0 kite shield (worn)
 s - a +1 pair of gloves (worn)
 u - a +1 cloak of magic resistance (worn)
 D - +0 acid dragon scales
 E - a +3 chain mail of fire resistance (worn)
Jewellery
 f - an uncursed ring of fire
 g - an amulet of regeneration (around neck)
 v - a +4 ring of slaying (left hand)
 A - an uncursed ring of ice
Wands
 l - a wand of digging (3)
 r - a wand of iceblast (24)
 y - a wand of paralysis (9)
 B - a wand of flame (12)
Scrolls
 e - 3 scrolls of fear {unknown}
 i - a scroll of fog {unknown}
 n - 2 scrolls of immolation
 o - 3 scrolls of blinking
 q - 6 scrolls of remove curse
 x - a scroll of amnesia
 z - 2 scrolls of teleportation
 C - a scroll of magic mapping
Potions
 d - a potion of might
 h - a potion of stabbing
 j - 3 potions of resistance
 k - 4 potions of curing
 m - 2 potions of brilliance
 p - 3 potions of invisibility
 t - 2 potions of flight
 w - a potion of heal wounds
 F - a potion of magic
 K - a potion of experience {unknown}
 L - 2 potions of berserk rage {unknown}
Miscellaneous
 G - a condenser vane (2/2)


   Skills:
 - Level 10.0 Fighting
 - Level 14.0 Polearms
 + Level 5.7 Armour
 + Level 5.0 Dodging
 + Level 5.7 Shields
 + Level 8.5 Invocations


You had 11 spell levels left.
You didn't know any spells.
Your spell library contained the following spells:

 Spells                   Type           Power        Failure   Level
 Animate Skeleton         Necr           #.....       100%        1
 Apportation              Tloc           #.....       100%        1
 Corona                   Hex            #......      100%        1
 Freeze                   Ice            #...         100%        1
 Magic Dart               Conj           #...         100%        1
 Shock                    Conj/Air       #...         100%        1
 Summon Small Mammal      Summ           #...         100%        1
 Blink                    Tloc           N/A          100%        2
 Call Imp                 Summ           #.......     100%        2
 Slow                     Hex            #.......     100%        2
 Swiftness                Air            #.......     100%        2
 Confusing Touch          Hex            #.......     100%        3
 Conjure Flame            Conj/Fire      #.......     100%        3
 Frozen Ramparts          Ice            #.....       100%        3
 Gell's Gravitas          Tloc           #.........   100%        3
 Mephitic Cloud           Conj/Pois/Air  #.......     100%        3
 Ozocubu's Armour         Ice            #.......     100%        3
 Static Discharge         Conj/Air       #.......     100%        3
 Airstrike                Air            #.........   100%        4
 Hailstorm                Conj/Ice       #.......     100%        4
 Petrify                  Tmut/Erth      #.......     100%        4
 Summon Ice Beast         Ice/Summ       #.......     100%        4
 Lightning Bolt           Conj/Air       #.........   100%        5
 Metabolic Englaciation   Hex/Ice        #.........   100%        5
 Yara's Violent Unravell  Hex/Tmut       #.........   100%        5


Dungeon Overview and Level Annotations

Branches:
Dungeon (13/15)            Temple (0/1) D:5            Lair (0/6) D:11
    Orc (2/2) D:9             Elf (0/3) Orc:2       Volcano (visited)
 Vaults: D:13-14

Altars:
Ashenzari
Cheibriados
Dithmenos
Fedhas
Kikubaaqudgha
Makhleb
Okawaru
Sif Muna
Trog
Uskayaw
Wu Jian
Xom

Shops:
D:7 (   D:12 [

Portals:
Trove: D:12 (give horn of Geryon)


Innate Abilities, Weirdness & Mutations

You have a pair of antennae on your head.
You are mostly covered in yellow scales. (AC +3)
You sometimes gain power by taking damage.


Message History

The orc knight is almost dead.
Fedhas protects your plant from harm. x3
You hear a shout!
You closely miss the orc warrior.
The orc warrior is heavily wounded.
An orc comes into view. It is wielding a +0 flail.
The orc knight hits your briar patch with a +0 battleaxe!
The orc knight hits your briar patch but does no damage.
The orc knight hits your ballistomycete with a +0 battleaxe!
The orc knight hits your briar patch with a +0 battleaxe!
The orc knight hits itself with a +0 battleaxe!
The orc knight is killed!
Fedhas accepts your kill.
Your Dodging skill increases to level 5!
You barely miss the orc warrior.
The orc warrior is heavily wounded.
You block the orc warrior's attack.
The orc warrior hits you with a +0 morningstar!!
You die...
Fedhas appreciates your contribution to the ecosystem.

.......# ...# ......###
.....#.#.... ........#
#...#........
#....#.######............
.....#.##.#.#.............
...####......#............
.....#....................
.........#.....PPP........
..#.....####...P@oo.......
.......## #...PPP.#......
.......# ##...)).....o..
......### ##.Po..####..#
........## ##.#..#
.........########.o#
#.<.......##.## ##.##
#.............###...#
......###.##.###...##


You could see 3 orc warriors, an orc wizard, an orc and a friendly
ballistomycete (summoned).

Vanquished Creatures
  Erolcha (D:8)
  A hydra (D:11)
  5 two-headed ogres (Volcano)
  An orc high priest (Orc:2)
  A hell knight (Volcano)
  Nergalle (D:12)
  An unseen horror (D:13)
  Pikel (D:6)
  An orc knight (Orc:2)
  3 cyclopes
  Maurice (Orc:1)
  A centaur zombie (D:12)
  2 gargoyles
  A komodo dragon (D:12)
  Maggie (D:6)
  6 trolls
  2 hornets
  2 hippogriffs (D:7)
  Eustachio (D:4)
  2 wyverns
  A basilisk (D:12)
  15 yaks
  3 wargs
  A soldier ant (D:11)
  Duvessa (D:6)
  3 black bears
  16 orc warriors
  A phantom (D:8)
  2 sky beasts
  2 ice beasts
  An eye of draining (D:12)
  A necrophage (D:10)
  7 ogres
  6 centaurs
  A big kobold (D:12)
  5 bullfrogs
  A wyvern zombie (D:6)
  5 scorpions
  2 killer bees (D:10)
  16 wights
  An electric eel (D:12)
  4 howler monkeys
  A quasit (D:8)
  6 hounds
  A bullfrog skeleton (D:5)
  A jelly (D:9)
  11 orc priests
  27 orc wizards
  3 iguanas
  4 worker ants
  A hound skeleton (D:7)
  9 adders
  A gnoll (D:11)
  A shadow imp (D:7)
  2 oozes
  An adder zombie (D:5)
  3 worms (D:4)
  2 dart slugs (D:1)
  5 leopard geckos
  98 orcs
  6 giant cockroaches
  4 goblins
  5 hobgoblins
  2 jackals (D:4)
  11 kobolds
  7 quokkas
  A ball python (D:2)
  7 bats
  4 frilled lizards
  A leopard gecko skeleton (D:6)
  7 rats
362 creatures vanquished.

Vanquished Creatures (collateral kills)
  An ogre mage (Volcano)
  Urug (D:12)
  2 yaks (D:12)
  A sky beast (D:10)
  An ogre (D:6)
  A big kobold (D:10)
  Dowan (D:6)
  2 killer bees (D:10)
  6 wights
  An iguana (D:11)
  2 gnolls (D:11)
  5 orcs
  3 kobolds (D:10)
  23 ballistomycete spores
50 creatures vanquished.

Vanquished Creatures (others)
  An oklob plant (D:11)
  A ballistomycete spore (Orc:2)
  72 plants
74 creatures vanquished.

Grand Total: 486 creatures vanquished

Notes
Turn   | Place    | Note
-------+----------+-------------------------------------------
     0 | D:1      | looop the Demonspawn Fighter began the quest for the Orb.
     0 | D:1      | Reached XP level 1. HP: 18/18 MP: 1/1
    57 | D:1      | Reached skill level 2 in Polearms
   328 | D:1      | Gained mutation: You have a pair of small antennae on your
                  | head. [demonic ancestry]
   328 | D:1      | Reached XP level 2. HP: 24/24 MP: 2/2
   524 | D:1      | Found a burning altar of Makhleb.
   871 | D:2      | Gained mutation: You are partially covered in yellow
                  | scales. (AC +2) [demonic ancestry]
   871 | D:2      | Reached XP level 3. HP: 29/29 MP: 3/3
   916 | D:2      | Found a blossoming altar of Fedhas.
   919 | D:2      | Found an ancient bone altar of Kikubaaqudgha.
   990 | D:2      | Became a worshipper of Fedhas Madash
  1096 | D:2      | Reached skill level 3 in Polearms
  1585 | D:3      | Reached skill level 1 in Invocations
  1668 | D:3      | Reached * piety under Fedhas
  1821 | D:3      | Gained mutation: You have a pair of antennae on your head.
                  | [demonic ancestry]
  1821 | D:3      | Reached XP level 4. HP: 37/37 MP: 4/4
  2193 | D:3      | Reached XP level 5. HP: 42/42 MP: 6/6
  2385 | D:4      | Noticed a black bear
  2412 | D:4      | Killed a black bear
  2412 | D:4      | Reached skill level 4 in Polearms
  2458 | D:4      | Gained mutation: You sometimes gain a little power by
                  | taking damage. [demonic ancestry]
  2458 | D:4      | Reached XP level 6. HP: 36/49 MP: 8/8
  2505 | D:4      | Found a snail-covered altar of Cheibriados.
  2726 | D:4      | Reached ** piety under Fedhas
  2854 | D:4      | Reached skill level 5 in Polearms
  2949 | D:4      | Reached XP level 7. HP: 55/55 MP: 8/10
  3078 | D:4      | Found a shadowy altar of Dithmenos.
  3081 | D:4      | Found an iron altar of Okawaru.
  3082 | D:4      | Noticed Eustachio
  3089 | D:4      | Killed Eustachio
  3089 | D:4      | Reached skill level 5 in Fighting
  3269 | D:5      | Entered Level 5 of the Dungeon
  3346 | D:5      | Found a bloodstained altar of Trog.
  3461 | D:5      | Found a staircase to the Ecumenical Temple.
  3474 | D:5      | Reached skill level 6 in Polearms
  3474 | D:5      | Reached skill level 5 in Invocations
  3614 | D:5      | Found a snail-covered altar of Cheibriados.
  3621 | D:5      | Found a shimmering blue altar of Sif Muna.
  3628 | D:5      | Found a burning altar of Makhleb.
  3635 | D:5      | Found a hide-covered altar of Uskayaw.
  3640 | D:5      | Found a shimmering altar of Xom.
  3651 | D:5      | Found a broken altar of Ashenzari.
  3658 | D:5      | Found an ornate altar of the Wu Jian Council.
  3895 | D:6      | Gained mutation: You are mostly covered in yellow scales.
                  | (AC +3) [demonic ancestry]
  3895 | D:6      | Reached XP level 8. HP: 21/63 MP: 8/12
  4185 | D:6      | Noticed Duvessa
  4186 | D:6      | Noticed Dowan
  4194 | D:6      | Killed Duvessa
  4198 | D:6      | Killed Dowan
  4271 | D:6      | Noticed Maggie
  4287 | D:6      | Killed Maggie
  4287 | D:6      | Reached skill level 7 in Polearms
  4364 | D:6      | Noticed Pikel
  4375 | D:6      | Killed Pikel
  4375 | D:6      | Reached skill level 8 in Polearms
  4378 | D:6      | Reached XP level 9. HP: 71/71 MP: 11/13
  4739 | D:7      | Reached *** piety under Fedhas
  4805 | D:7      | Reached skill level 9 in Polearms
  5056 | D:7      | Found a blossoming altar of Fedhas.
  5155 | D:7      | Found Xaoz's Antique Weapon Boutique.
  5514 | D:8      | Reached skill level 10 in Polearms
  5536 | D:8      | You fall into a shaft and drop 2 floors!
  5536 | D:10     | Entered Level 10 of the Dungeon
  5683 | D:10     | Gained mutation: You sometimes gain power by taking damage.
                  | [demonic ancestry]
  5683 | D:10     | Reached XP level 10. HP: 67/80 MP: 15/15
  5863 | D:10     | Reached **** piety under Fedhas
  6090 | D:10     | Noticed a gargoyle
  6105 | D:10     | Killed a gargoyle
  6380 | D:11     | You fall into a shaft and drop 2 floors!
  6388 | D:12     | Noticed a gargoyle
  6405 | D:12     | Found Navovu's Antique Armour Boutique.
  6427 | D:12     | Reached skill level 11 in Polearms
  6514 | D:12     | Noticed a cyclops
  6527 | D:12     | HP: 3/83 [cyclops/large rock (31)]
  6535 | D:12     | Killed a cyclops
  6686 | D:12     | Found a portal to a secret trove of treasure.
  6751 | D:12     | Noticed Urug
  6774 | D:12     | Killed Urug
  6774 | D:12     | Reached XP level 11. HP: 24/90 MP: 8/17
  7032 | D:12     | Reached skill level 12 in Polearms
  7166 | D:11     | Noticed a five-headed hydra
  7182 | D:11     | Killed an oklob plant
  7184 | D:11     | Killed a five-headed hydra
  7184 | D:11     | Reached skill level 10 in Fighting
  7464 | D:9      | Noticed Erolcha
  7482 | D:8      | Killed Erolcha
  7917 | D:8      | Reached skill level 13 in Polearms
  8655 | D:9      | Found a staircase to the Orcish Mines.
  8922 | D:11     | Found a staircase to the Lair.
  9173 | D:12     | Noticed Nergalle
  9186 | D:12     | Killed Nergalle
  9186 | D:12     | Reached skill level 1 in Dodging
  9361 | D:12     | Bought a slimy chain mail for 275 gold pieces
  9371 | D:12     | Identified the cursed +1 chain mail of the Alphagorgon
                  | {Harm rC+ MR- Str+4} (You bought it in a shop on level 12
                  | of the Dungeon)
  9592 | D:13     | Noticed a red ugly thing
  9720 | D:13     | Killed an unseen horror
  9941 | Orc:1    | Entered Level 1 of the Orcish Mines
  9952 | Orc:1    | Reached XP level 12. HP: 95/97 MP: 18/18
 10086 | Orc:1    | Reached ***** piety under Fedhas
 10185 | Orc:1    | Noticed Maurice
 10200 | Orc:1    | Killed Maurice
 10492 | Orc:1    | Found a dark tunnel.
 10498 | Volcano  | Entered a volcano
 10513 | Volcano  | Noticed a two-headed ogre
 10539 | Volcano  | Reached skill level 14 in Polearms
 10550 | Volcano  | Killed a two-headed ogre
 10663 | Volcano  | Noticed a two-headed ogre
 10663 | Volcano  | Noticed a two-headed ogre
 10663 | Volcano  | Noticed an ogre mage
 10676 | Volcano  | Killed a two-headed ogre
 10682 | Volcano  | Killed an ogre mage
 10685 | Volcano  | Killed a two-headed ogre
 10780 | Volcano  | Noticed a two-headed ogre
 10795 | Volcano  | Killed a two-headed ogre
 10851 | Volcano  | Noticed a two-headed ogre
 10858 | Volcano  | Killed a two-headed ogre
 10984 | Orc:2    | Entered Level 2 of the Orcish Mines
 11005 | Orc:1    | Reached skill level 5 in Shields
 11009 | Orc:1    | Reached skill level 5 in Armour
 11440 | Orc:2    | Found a staircase to the Elven Halls.
 11464 | Orc:2    | Noticed an orc high priest
 11486 | Orc:2    | Killed an orc high priest
 11702 | Orc:2    | Reached skill level 5 in Dodging
 11703 | Orc:2    | Slain by an orc warrior

Illustrated notes

Levels and vault maps discovered:
D:1:      sevenhm_arrival_forest_fort_small_6, layout_basic, hex_large
D:2:      layout_loops_cross, grunt_temple_overflow_growth_and_decay
D:3:      layout_loops_ring
D:4:      layout_basic, grunt_temple_overflow_open, cheibriados_altar_1,
          uniq_eustachio
D:5:      layout_basic, grunt_temple_overflow_octagram, bloody_trog,
          minmay_temple_entry_glass
D:6:      layout_basic, uniq_maggie, uniq_duvessa, uniq_pikel
D:7:      layout_cave_pools, serial_shops, shop, fedhas_bush_and_centaur_altar
D:8:      layout_gridville, minmay_starry_boxes
D:9:      layout_rooms, hiddenorc1_lemuel, uniq_erolcha
D:10:     layout_small_grid
D:11:     layout_basic, dpeg_oklobed_lair, special_room [special_room_orc],
          grunt_potential
D:12:     layout_loops_ring, enter_trove_1, serial_shops, shop,
          serial_bayou_lagoon_a, uniq_urug, uniq_nergalle
D:13:     kennysheep_ambush_hall, layout_rooms,
          lightli_vaults_fourway_checkpoint
Orc:1:    layout_caves, enter_volcano_4, uniq_maurice
Orc:2:    grunt_orc_cross, layout_diamond_mine

Skill      XL: |  1  2  3  4  5  6  7  8  9 10 11 12 |
---------------+-------------------------------------+-----
Polearms       | 2 3 4 5 6 8 10 11 13 14 | 14.0
Invocations    | 1 2 3 4 5 6 7 8 |  8.5
Fighting       | 4 5 6 8 9 10 | 10.0
Armour         | 3 5 |  5.7
Dodging        | 1 5 |  5.0
Shields        | 3 5 |  5.7

Action                   |  1- 3 |  4- 6 |  7- 9 | 10-12 || total
-------------------------+-------+-------+-------+-------++-------
Melee: Trident           |   156 |   128 |   314 |   704 ||  1302
Invok: Wall of Briars    |       |       |     8 |    12 ||    20
       Grow Ballistomyce |       |       |       |     5 ||     5
       Overgrow          |       |       |       |     2 ||     2
Evoke: Wand              |       |       |       |     2 ||     2
  Use: Potion            |       |     2 |       |       ||     2
       Scroll            |       |       |    11 |     7 ||    18
 Stab: Confused          |       |       |       |     4 ||     4
Armor: Scale mail        |    63 |    41 |    31 |       ||   135
       Acid dragon scale |       |       |    45 |   125 ||   170
       Chain mail        |       |       |       |    39 ||    39
Dodge: Dodged            |    35 |    38 |    86 |   135 ||   294
Block: Kite shield       |    51 |    31 |   106 |   196 ||   384

Table legend: (Time is in decaauts)
 A = Elapsed time spent in this place.
 B = Non-inter-level travel time spent in this place.
 C = Inter-level travel time spent in this place.
 D = Time resting spent in this place.
 E = Time spent auto-exploring this place.
 F = Levels seen in this place.
 G = Mean time per level.
                   A        B        C        D        E       F      G
               +--------+--------+--------+--------+--------+-----+--------+
         Total |  11616 |  10667 |    949 |    886 |   7071 |  16 |  726.0 |
       Dungeon |   9934 |   9015 |    919 |    627 |   6137 |  13 |  764.2 |
  Orcish Mines |   1243 |   1213 |     30 |    259 |    637 |   2 |  621.5 |
       Volcano |    438 |    438 |      0 |      0 |    296 |   1 |  438.0 |
               +--------+--------+--------+--------+--------+-----+--------+

Top non-repeatable levels by time:
    D:12: 1467 daAuts
     D:8: 1054 daAuts
     D:4: 999 daAuts
    D:10: 913 daAuts
     D:1: 848 daAuts
     D:6: 832 daAuts
     D:2: 819 daAuts
   Orc:1: 798 daAuts
     D:3: 790 daAuts
     D:7: 712 daAuts
     D:5: 538 daAuts
     D:9: 463 daAuts
   Orc:2: 445 daAuts
 Volcano: 438 daAuts
    D:11: 400 daAuts
